AoeStats
← Nutteralex

MegaRandom

509750750Analyzed
2v2 RM · 5d ago on Sep 27, 2026· 85m 11s· 4 players
Game mode
Random Map
Map size
Medium (4 player)
Population
200
Speed
Normal
Resources
Standard
Victory
Conquest
Starting age
Dark Age
Ending age
Imperial Age
RankedLock teamsTeams togetherTeam positionsShared explorationLock speedFull tech treeHidden civsTurbo modeCheats
Victory
Defeat
🇺🇸 Varangians · United States
1020
+14
🇺🇸 Saxons · United States
1018
+14
🇨🇦 Tatars · Canada
999
-16
🇺🇸 Burgundians · United States
937
-12
Nutteralex
7:14 Loom
9:47 Feudal Age
11:07 Wheelbarrow
11:24 Double-Bit Axe
12:03 Horse Collar
21:35 Castle Age
20:21 Bloodlines
20:20 Fletching
20:31 Padded Archer Armor
23:04 Bodkin Arrow
23:25 Leather Archer Armor
23:36 Husbandry
27:07 Bow Saw
31:14 Hand Cart
30:46 Town Watch
35:23 Imperial Age
33:10 Masonry
33:22 Ballistics
33:13 Masonry
36:14 Sappers
37:07 Conscription
36:57 Bracer
38:16 Chemistry
38:34 Heavy Cavalry Archer
40:47 Silk Armor
45:03 Elite Keshik
45:54 Scale Barding Armor
46:00 Forging
47:22 Chain Barding Armor
51:04 Plate Barding Armor
51:05 Iron Casting
51:05 Gold Mining
51:06 Stone Mining
56:48 Blast Furnace
56:20 Ring Archer Armor
72:25 Caravan
SAURON
2:46 Loom
9:22 Feudal Age
9:05 Double-Bit Axe
13:06 Town Watch
16:06 Castle Age
14:39 Bow Saw
16:01 Horse Collar
18:29 Gold Mining
19:51 Stone Mining
20:35 Fervor
21:25 Gold Shaft Mining
23:32 Wheelbarrow
26:13 Hand Cart
28:50 Imperial Age
26:06 Cavalier
26:48 Husbandry
27:28 Burgundian Vineyards
28:27 Fletching
28:43 Scale Barding Armor
29:12 Heavy Plow
30:14 Two-Man Saw
30:46 Chemistry
30:34 Conscription
31:53 Ballistics
32:23 Medium Warships
32:33 Murder Holes
33:50 Treadmill Crane
34:38 Bodkin Arrow
35:53 Bracer
38:33 Chain Barding Armor
43:14 Paladin
44:16 Capped Ram
45:41 Light Cavalry
46:38 Hussar
48:16 Plate Barding Armor
47:41 Scale Mail Armor
50:36 Padded Archer Armor
51:15 Squires
50:56 Elite Skirmisher
53:17 Chain Mail Armor
52:46 Fishing Lines
52:29 Elite Cannon Galleon
57:09 Pikeman
60:47 Hoardings
63:01 Plate Mail Armor
69:06 Halberdier
70:56 Forging
74:57 Masonry
84:48 Caravan
mongolian baby
3:43 Loom
14:51 Feudal Age
17:35 Fishing Lines
17:58 Horse Collar
18:08 Double-Bit Axe
24:13 Castle Age
23:05 Bloodlines
23:39 Gold Mining
23:47 Stone Mining
27:34 Wheelbarrow
28:15 Stone Shaft Mining
28:21 Husbandry
27:42 Light Cavalry
28:35 Heavy Plow
28:24 Town Watch
31:37 Fletching
32:55 Murder Holes
33:21 Ballistics
33:45 Hand Cart
33:51 Treadmill Crane
34:22 Masonry
34:23 Town Patrol
35:39 Vendel Legacy
35:55 Pikeman
37:48 Gillnets
47:51 Arson
55:39 Fervor
58:42 Caravan
65:16 Imperial Age
65:20 Halberdier
66:01 Squires
67:08 Cavalier
68:40 Illumination
68:56 Theocracy
68:52 Hussar
74:26 Chemistry
73:57 Architecture
74:16 Crop Rotation
74:51 Guilds
75:50 Elite Varangian Guard
80:08 Conscription
79:09 Gothikon
beans
9:11 Loom
10:57 Feudal Age
11:55 Double-Bit Axe
11:51 Horse Collar
13:38 Gold Mining
14:37 Stone Mining
21:19 Castle Age
19:42 Bloodlines
19:39 Scale Barding Armor
21:34 Wheelbarrow
22:18 Bow Saw
22:09 Heavy Plow
22:08 Town Watch
23:02 Gold Shaft Mining
23:08 Scale Mail Armor
23:18 Forging
24:16 Hand Cart
23:50 Pikeman
24:32 Squires
27:21 Chain Mail Armor
29:30 Iron Casting
28:42 Arson
29:21 Fletching
34:52 Imperial Age
33:25 Bodkin Arrow
35:05 Halberdier
35:09 Elite Varangian Guard
36:16 Conscription
35:38 Elite Hearth Troop
36:50 Plate Mail Armor
36:38 Caravan
36:33 Capped Ram
38:50 Two-Man Saw
38:50 Ballistics
38:38 Shield Wall
39:56 Hoardings
38:47 Halberdier
41:25 Crop Rotation
41:27 Bracer
42:24 Siege Ram
44:22 Siege Engineers
44:43 Murder Holes
45:49 Chemistry
45:00 Masonry
45:35 Coinage
45:15 Guilds
45:36 Town Patrol
45:54 Treadmill Crane
45:37 Heavy Scorpion
49:19 Architecture
50:00 Banking
51:34 Elite Longship
52:36 Shipwright
52:30 Careening
55:25 Guard Tower
55:21 Arrowslits
55:46 Careening
55:29 Heated Shot
55:30 Guard Tower
55:25 Arrowslits
56:56 Devotion
58:08 Keep
57:43 Fortified Wall
57:56 Dry Dock
60:01 Sappers
59:54 Clerical Recruitment
Connection lost

Rejoining the realm…

Still unreachable

The connection could not be restored.

Session expired

The server has moved on; the page needs a fresh start.